Islanders vs Rangers

Created - 5 février 2024 at 20:31

Goals
1 2 3 T
Islanders 0 2 3 5
Rangers 0 1 1 2
Shots
1 2 3 T
Islanders 14 8 9 31
Rangers 10 18 14 42

GoalsPenalties
1st period
No Goal
No Penalty
2nd period
1. Rangers , Dakota Joshua 3 (Erik Karlsson 22, Arthur Kaliyev 11) at 2:59
2. Islanders , Joe Pavelski 21 (Jean-Gabriel Pageau 23) at 4:14
3. Islanders , Nick Schmaltz 13 (Johnny Gaudreau 19, Ian Cole 11) at 11:22
Ian Cole (NYI) for Hooking (Minor) at 13:14
3rd period
4. Islanders , Jean-Gabriel Pageau 7 (Jason Zucker 7, Joe Pavelski 27) at 0:53
5. Rangers , Roope Hintz 26 (Trent Frederic 9) at 4:11
6. Islanders , Rickard Rakell 26 (Frank Vatrano 17, Jordan Staal 15) at 9:26
7. Islanders , Rickard Rakell 27 (Frank Vatrano 18, Mark Giordano 10) at 12:32
Brent Burns (NYI) for Goalie Interference (Minor) at 13:28
Mark Giordano (NYI) for Roughing (Minor) at 17:11
Goalie Stats
Linus Ullmark (NYI), 40 saves from 42 shots - (0,952), W, 26-9-3, 60:00 minutes
Philipp Grubauer (NYR), 26 saves from 31 shots - (0,839), L, 6-5-2, 60:00 minutes
3 StarsOfficial
1 - Rickard Rakell (NYI)
2 - Linus Ullmark (NYI)
3 - Jean-Gabriel Pageau (NYI)
Referees : Furman South and Kendrick Nicholson
Linesman : Justin Cornell and Brian Murphy
Game Note
No Game Note
Finance
Level 1 -- Attendance: 5570 (92,83%) -- Ticket Income $557,000
Level 2 -- Attendance: 4460 (89,20%) -- Ticket Income $267,600
Level 3 -- Attendance: 2000 (100,00%) -- Ticket Income $70,000
Level 4 -- Attendance: 3743 (93,58%) -- Ticket Income $74,860
Luxury Box -- Attendance: 911 (91,10%) -- Ticket Income $182,200
Game was played at the Blue Shirt Stadium.
Total Attendance: 16684 (92,69%)
Total Ticket Income: $1,151,660
Other Income: $564,313
Total Income: $1,715,973



Team Name Goals Shots Shots Attemp Shots Blocked PIM HIT PP PK FO%
Islanders 53166116230 / 0 (0,00%054%
Rangers 24271140160 / 3 (0%)046%

Islanders
Player Name POS G A P +/- PIM HIT SHT SB MP PP MP PP SHT PK MP PK SHT FO% FOT GA TA
Brady SkjeiD0001010119:420:0002:2300% 001
Brent BurnsRW/D0002200020:560:0001:3300% 000
Brock NelsonC/LW0000014018:040:0000:00023% 2211
Frank VatranoC/LW/RW0222012114:180:0000:0000% 020
Ian ColeD0112223320:450:0001:5500% 000
Jason DickinsonC/LW000000107:390:0003:00050% 600
Jason ZuckerLW/RW0111010116:430:0000:0000% 001
Jean-Gabriel PageauC/LW/RW1121032018:210:0001:28071% 2410
Jesper FastLW/RW000003106:360:0001:4800% 000
Joe PavelskiC/LW/RW1121034016:430:0000:0000% 100
Johnny GaudreauLW0110024318:040:0000:0000% 110
Jordan StaalC/LW0112021015:560:0001:28080% 1500
Kevin ShattenkirkD0000000119:080:0001:0600% 001
Mark GiordanoD0110210118:540:0001:3600% 000
Morgan BarronC/LW/RW000001007:340:0002:5500% 001
Nick SchmaltzC/LW/RW1010003019:280:0001:1500% 010
Rickard RakellLW/RW2022025014:180:0000:0000% 010
William BorgenD0001001020:510:0003:2100% 002
Rangers
Player Name POS G A P +/- PIM HIT SHT SB MP PP MP PP SHT PK MP PK SHT FO% FOT GA TA
Adam PelechD0001030122:460:1500:0000% 002
Alexander BarabanovLW/RW000-4035019:042:4200:0000% 421
Arthur KaliyevLW/RW0111007013:070:0000:0000% 110
Carter VerhaegheC/LW000-4035219:042:4200:000100% 100
Dakota JoshuaC/LW1011001013:070:0000:0000% 000
David KampfC/RW0001003113:190:0300:00050% 400
Dylan SambergD000-1000011:160:0000:0000% 000
Erik KarlssonD011-3000424:103:5400:0000% 011
Kyle ConnorC/LW0001013021:293:1510:0000% 210
Nazem KadriC/LW/RW0001020020:532:4200:00058% 2400
Nick JensenD000-3010321:120:0000:0000% 000
Noah DobsonD000-1003015:193:5400:0000% 002
Philip TomasinoC/LW/RW000-4012119:393:2300:00045% 3100
Rasmus AnderssonD0001013223:292:0300:0000% 001
Roope HintzC/LW/RW1011006021:173:1210:0000% 020
Sheldon DriesC000-100306:200:0000:00050% 200
Trent FredericC/LW011-101106:200:0000:0000% 000
Tyler MotteC/LW/RW000-100008:091:4000:0000% 000

Islanders

5 vs 5 Forward
Line #Left WingCenterRight WingPHYDFOFWanted %Time %Time Play
1Johnny GaudreauBrock NelsonNick Schmaltz0233434%18:13
2Jason ZuckerJean-Gabriel PageauJoe Pavelski0233231%16:53
3Frank VatranoJordan StaalRickard Rakell0232826%14:18
4Morgan BarronJason DickinsonJesper Fast12269%4:39
5 vs 5 Defense
Line #DefenseDefensePHYDFOFWanted %Time %Time Play
1Ian ColeBrent Burns1313535%19:04
2Mark GiordanoKevin Shattenkirk1313333%17:40
3Brady SkjeiWilliam Borgen1313232%17:08
4Brady SkjeiBrent Burns12200%0:11
Power Play Forward
Line #Left WingCenterRight WingPHYDFOFWanted %Time %Time Play
1Frank VatranoJoe PavelskiRickard Rakell005500%0:00
2Johnny GaudreauBrock NelsonNick Schmaltz005500%0:00
Power Play Defense
Line #DefenseDefensePHYDFOFWanted %Time %Time Play
1Brady SkjeiBrent Burns005700%0:00
2Kevin ShattenkirkWilliam Borgen005300%0:00
Penalty Kill 4 Players Forward
Line #CenterWingPHYDFOFWanted %Time %Time Play
1Jason DickinsonMorgan Barron0506075%4:29
2Jordan StaalJean-Gabriel Pageau0504025%1:28
Penalty Kill 4 Players Defense
Line #DefenseDefensePHYDFOFWanted %Time %Time Play
1Ian ColeWilliam Borgen1406056%3:21
2Mark GiordanoBrent Burns1404044%2:36
Penalty Kill 3 Players
Line #WingPHYDFOFWanted %Time %Time PlayDefenseDefensePHYDFOFWanted %Time %Time Play
1Jason Dickinson050600%0:00 Ian ColeWilliam Borgen140600%0:00
2Jean-Gabriel Pageau050400%0:00 Mark GiordanoBrent Burns140400%0:00
4 vs 4 Forward
Line #CenterWingPHYDFOFWanted %Time %Time Play
1Brock NelsonNick Schmaltz023500%0:00
2Jean-Gabriel PageauJoe Pavelski023500%0:00
4 vs 4 Defense
Line #DefensePHYDFOFWanted %Time %Time Play
1Ian ColeBrent Burns131500%0:00
2Brady SkjeiKevin Shattenkirk131500%0:00
Last Minutes Offensive
Left WingCenterRight WingDefenseDefense
Johnny GaudreauBrock NelsonJoe PavelskiBrady SkjeiBrent Burns
Last Minutes Defensive
Left WingCenterRight WingDefenseDefense
Jason DickinsonJordan StaalJean-Gabriel PageauIan ColeWilliam Borgen
Time
Total ForwardTotal DefenseLast Minutes OffensiveLast Minutes Defensive
60:00 60:00 0:000:00
Extra Forwards
Normal PowerPlayPenalty Kill
Brock Nelson, Joe Pavelski, Rickard RakellJason Zucker, Jean-Gabriel PageauJesper Fast
Extra Defensemen
Normal PowerPlayPenalty Kill
Brent Burns, Kevin Shattenkirk, Brady SkjeiMark Giordano, Brady SkjeiKevin Shattenkirk
Penalty Shots
Nick Schmaltz, Joe Pavelski, Rickard Rakell, Jesper Fast, Morgan Barron
Goalie
Linus Ullmark, Scott Wedgewood
Custom OT Lines Forwards
Brock Nelson, Johnny Gaudreau, Joe Pavelski, Nick Schmaltz, Jean-Gabriel Pageau, Frank Vatrano, Jordan Staal, Rickard Rakell, Jason Dickinson, Jason Zucker
Custom OT Lines Defensemen
Brent Burns, Brady Skjei, Kevin Shattenkirk, Mark Giordano, William Borgen
Scratches
Tomas Nosek (Healthy), Colin Miller (Healthy)

Rangers

5 vs 5 Forward
Line #Left WingCenterRight WingPHYDFOFWanted %Time %Time Play
1Kyle ConnorNazem KadriRoope Hintz0143634%18:14
2Carter VerhaeghePhilip TomasinoAlexander Barabanov0143430%16:22
3Arthur KaliyevDavid KampfDakota Joshua0232324%13:07
4Trent FredericSheldon DriesTyler Motte041712%6:20
5 vs 5 Defense
Line #DefenseDefensePHYDFOFWanted %Time %Time Play
1Rasmus AnderssonAdam Pelech0414037%19:58
2Erik KarlssonNick Jensen0414040%21:44
3Noah DobsonDylan Samberg0412021%11:16
4Nick JensenAdam Pelech04102%1:05
Power Play Forward
Line #Left WingCenterRight WingPHYDFOFWanted %Time %Time Play
1Kyle ConnorPhilip TomasinoRoope Hintz0145555%3:15
2Carter VerhaegheNazem KadriAlexander Barabanov0144545%2:42
Power Play Defense
Line #DefenseDefensePHYDFOFWanted %Time %Time Play
1Erik KarlssonNoah Dobson0236066%3:54
2Rasmus AnderssonPhilip Tomasino0234034%2:03
Penalty Kill 4 Players Forward
Line #CenterWingPHYDFOFWanted %Time %Time Play
1David KampfTyler Motte050600%0:00
2Kyle ConnorDakota Joshua050400%0:00
Penalty Kill 4 Players Defense
Line #DefenseDefensePHYDFOFWanted %Time %Time Play
1Adam PelechNick Jensen050600%0:00
2Erik KarlssonRasmus Andersson050400%0:00
Penalty Kill 3 Players
Line #WingPHYDFOFWanted %Time %Time PlayDefenseDefensePHYDFOFWanted %Time %Time Play
1David Kampf050600%0:00 Adam PelechNick Jensen050600%0:00
2Tyler Motte050400%0:00 Erik KarlssonRasmus Andersson050400%0:00
4 vs 4 Forward
Line #CenterWingPHYDFOFWanted %Time %Time Play
1Nazem KadriCarter Verhaeghe032550%0:00
2Roope HintzKyle Connor032450%0:00
4 vs 4 Defense
Line #DefensePHYDFOFWanted %Time %Time Play
1Nick JensenRasmus Andersson032600%0:00
2Adam PelechErik Karlsson032400%0:00
Last Minutes Offensive
Left WingCenterRight WingDefenseDefense
Kyle ConnorRoope HintzCarter VerhaegheErik KarlssonRasmus Andersson
Last Minutes Defensive
Left WingCenterRight WingDefenseDefense
Tyler MotteDavid KampfDakota JoshuaAdam PelechNick Jensen
Time
Total ForwardTotal DefenseLast Minutes OffensiveLast Minutes Defensive
60:00 60:00 0:000:00
Extra Forwards
Normal PowerPlayPenalty Kill
Nazem Kadri, Roope Hintz, Kyle ConnorCarter Verhaeghe, Kyle ConnorRoope Hintz
Extra Defensemen
Normal PowerPlayPenalty Kill
Adam Pelech, Nick Jensen, Erik KarlssonNoah Dobson, Erik KarlssonNick Jensen
Penalty Shots
Nazem Kadri, Roope Hintz, David Kampf, Kyle Connor, Carter Verhaeghe
Goalie
Philipp Grubauer, Frederik Andersen
Custom OT Lines Forwards
Kyle Connor, Nazem Kadri, Carter Verhaeghe, Alexander Barabanov, Roope Hintz, Philip Tomasino, Dakota Joshua, David Kampf, Arthur Kaliyev, Tyler Motte
Custom OT Lines Defensemen
Rasmus Andersson, Nick Jensen, Adam Pelech, Erik Karlsson, Noah Dobson
Scratches
Chandler Stephenson (Suspend), Anthony Stolarz (Healthy)


Play-by-Play

1st period


0:01 of 1st period - Nazem Kadri wins face-off versus Brock Nelson in neutral zone.
0:10 of 1st period - Slapshot by Kyle Connor.
0:10 of 1st period - Shot Misses the Net.
1:50 of 1st period - Off-side.
1:51 of 1st period - David Kampf wins face-off versus Jean-Gabriel Pageau in neutral zone.
1:56 of 1st period - Dakota Joshua is hit by Jean-Gabriel Pageau and loses puck.
2:23 of 1st period - Backhand shot by Alexander Barabanov.
2:23 of 1st period - Shot Blocked by Frank Vatrano.
2:25 of 1st period - Wrist shot by Noah Dobson.
2:25 of 1st period - Stopped by Linus Ullmark with a rebound.
2:27 of 1st period - Slapshot by Noah Dobson.
2:27 of 1st period - Shot Misses the Net.
2:53 of 1st period - William Borgen is hit by Adam Pelech and loses puck.
3:10 of 1st period - Snap shot by Joe Pavelski.
3:10 of 1st period - Stopped by Philipp Grubauer without a rebound.
3:11 of 1st period - Jordan Staal wins face-off versus Philip Tomasino in Rangers zone.
3:36 of 1st period - Erik Karlsson is hit by Jean-Gabriel Pageau and loses puck.
4:15 of 1st period - Snap shot by Joe Pavelski.
4:15 of 1st period - Stopped by Philipp Grubauer with a rebound.
4:17 of 1st period - Snap shot by Ian Cole.
4:17 of 1st period - Stopped by Philipp Grubauer with a rebound.
4:40 of 1st period - Slapshot by Jean-Gabriel Pageau.
4:40 of 1st period - Shot Blocked by Rasmus Andersson.
4:54 of 1st period - Wrist shot by Joe Pavelski.
4:54 of 1st period - Shot Misses the Net.
5:06 of 1st period - Dylan Samberg is hit by Johnny Gaudreau and loses puck.
5:32 of 1st period - Icing by Dylan Samberg.
5:33 of 1st period - Jordan Staal wins face-off versus Sheldon Dries in Rangers zone.
5:58 of 1st period - Wrist shot by Trent Frederic.
5:58 of 1st period - Shot Blocked by Johnny Gaudreau.
6:00 of 1st period - Snap shot by Sheldon Dries.
6:00 of 1st period - Stopped by Linus Ullmark without a rebound.
6:01 of 1st period - Philip Tomasino wins face-off versus Brock Nelson in Islanders zone.
6:04 of 1st period - Slapshot by Alexander Barabanov.
6:04 of 1st period - Stopped by Linus Ullmark without a rebound.
6:05 of 1st period - Brock Nelson wins face-off versus Alexander Barabanov in Islanders zone.
6:12 of 1st period - Slapshot by Nick Schmaltz.
6:12 of 1st period - Deflect By Brock Nelson.
6:12 of 1st period - Stopped by Philipp Grubauer without a rebound.
6:13 of 1st period - Brock Nelson wins face-off versus Philip Tomasino in Rangers zone.
6:14 of 1st period - Snap shot by Johnny Gaudreau.
6:14 of 1st period - Deflect By Brock Nelson.
6:14 of 1st period - Stopped by Philipp Grubauer with a rebound.
6:16 of 1st period - Slapshot by William Borgen.
6:16 of 1st period - Shot Blocked by Carter Verhaeghe.
6:28 of 1st period - Snap shot by Nick Schmaltz.
6:28 of 1st period - Stopped by Philipp Grubauer without a rebound.
6:29 of 1st period - Jordan Staal wins face-off versus Kyle Connor in Rangers zone.
7:11 of 1st period - Snap shot by Frank Vatrano.
7:11 of 1st period - Shot Misses the Net.
7:17 of 1st period - Wrist shot by Jordan Staal.
7:17 of 1st period - Shot Misses the Net.
7:19 of 1st period - Backhand shot by Jordan Staal.
7:19 of 1st period - Stopped by Philipp Grubauer with a rebound.
7:21 of 1st period - Snap shot by Jordan Staal.
7:21 of 1st period - Shot Blocked by Nick Jensen.
7:23 of 1st period - Slapshot by Ian Cole.
7:23 of 1st period - Stopped by Philipp Grubauer with a rebound.
7:39 of 1st period - Snap shot by Rickard Rakell.
7:39 of 1st period - Stopped by Philipp Grubauer with a rebound.
8:05 of 1st period - Slapshot by Frank Vatrano.
8:05 of 1st period - Shot Misses the Net.
8:19 of 1st period - Slapshot by Frank Vatrano.
8:19 of 1st period - Shot Misses the Net.
8:21 of 1st period - Backhand shot by Frank Vatrano.
8:21 of 1st period - Shot Misses the Net.
9:07 of 1st period - Snap shot by Dakota Joshua.
9:07 of 1st period - Shot Misses the Net.
9:17 of 1st period - Slapshot by Rickard Rakell.
9:17 of 1st period - Shot Misses the Net.
9:19 of 1st period - Wrist shot by Rickard Rakell.
9:19 of 1st period - Stopped by Philipp Grubauer with a rebound.
9:21 of 1st period - Slapshot by Ian Cole.
9:21 of 1st period - Shot Misses the Net.
9:43 of 1st period - Wrist shot by Arthur Kaliyev.
9:43 of 1st period - Stopped by Linus Ullmark without a rebound.
9:44 of 1st period - Brock Nelson wins face-off versus Alexander Barabanov in Islanders zone.
9:57 of 1st period - Snap shot by Alexander Barabanov.
9:57 of 1st period - Shot Blocked by Kevin Shattenkirk.
10:09 of 1st period - Kevin Shattenkirk is hit by Adam Pelech.
10:13 of 1st period - Slapshot by Roope Hintz.
10:13 of 1st period - Stopped by Linus Ullmark with a rebound.
11:07 of 1st period - Nazem Kadri is hit by Joe Pavelski and loses puck.
11:43 of 1st period - Icing by Dylan Samberg.
11:44 of 1st period - Jason Dickinson wins face-off versus Nazem Kadri in Rangers zone.
11:47 of 1st period - Snap shot by Jesper Fast.
11:47 of 1st period - Stopped by Philipp Grubauer with a rebound.
12:11 of 1st period - Nick Jensen is hit by Ian Cole and loses puck.
12:26 of 1st period - William Borgen is hit by Carter Verhaeghe and loses puck.
12:49 of 1st period - Slapshot by Sheldon Dries.
12:49 of 1st period - Stopped by Linus Ullmark with a rebound.
13:17 of 1st period - Kevin Shattenkirk is hit by Alexander Barabanov and loses puck.
14:14 of 1st period - Noah Dobson is hit by Jesper Fast.
14:31 of 1st period - Icing by Erik Karlsson.
14:32 of 1st period - Jean-Gabriel Pageau wins face-off versus Nazem Kadri in Rangers zone.
14:33 of 1st period - Wrist shot by Joe Pavelski.
14:33 of 1st period - Shot Misses the Net.
14:35 of 1st period - Slapshot by William Borgen.
14:35 of 1st period - Stopped by Philipp Grubauer without a rebound.
14:36 of 1st period - Philip Tomasino wins face-off versus Brock Nelson in Rangers zone.
14:47 of 1st period - William Borgen is hit by Philip Tomasino and loses puck.
15:29 of 1st period - Snap shot by Brock Nelson.
15:29 of 1st period - Stopped by Philipp Grubauer without a rebound.
15:30 of 1st period - Jean-Gabriel Pageau wins face-off versus Nazem Kadri in Rangers zone.
15:37 of 1st period - Slapshot by Joe Pavelski.
15:37 of 1st period - Deflect By Jean-Gabriel Pageau.
15:37 of 1st period - Stopped by Philipp Grubauer without a rebound.
15:38 of 1st period - Nazem Kadri wins face-off versus Joe Pavelski in Rangers zone.
15:44 of 1st period - Icing by Kevin Shattenkirk.
15:45 of 1st period - Nazem Kadri wins face-off versus Jean-Gabriel Pageau in Islanders zone.
15:54 of 1st period - Rasmus Andersson is hit by Joe Pavelski and loses puck.
16:39 of 1st period - Snap shot by Arthur Kaliyev.
16:39 of 1st period - Stopped by Linus Ullmark without a rebound.
16:40 of 1st period - Jordan Staal wins face-off versus Nazem Kadri in Islanders zone.
16:55 of 1st period - Slapshot by Roope Hintz.
16:55 of 1st period - Stopped by Linus Ullmark without a rebound.
16:56 of 1st period - Jean-Gabriel Pageau wins face-off versus Philip Tomasino in Islanders zone.
17:31 of 1st period - Icing by Johnny Gaudreau.
17:32 of 1st period - Nazem Kadri wins face-off versus Brock Nelson in Islanders zone.
17:39 of 1st period - Backhand shot by Roope Hintz.
17:39 of 1st period - Shot Misses the Net.
18:19 of 1st period - Slapshot by Roope Hintz.
18:19 of 1st period - Stopped by Linus Ullmark without a rebound.
18:20 of 1st period - Jean-Gabriel Pageau wins face-off versus Philip Tomasino in Islanders zone.
18:29 of 1st period - Wrist shot by Joe Pavelski.
18:29 of 1st period - Deflect By Jason Zucker.
18:29 of 1st period - Shot Misses the Net.
18:29 of 1st period - Puck is out of play.
18:30 of 1st period - Philip Tomasino wins face-off versus Jean-Gabriel Pageau in Rangers zone.
18:35 of 1st period - Snap shot by Philip Tomasino.
18:35 of 1st period - Shot Blocked by Jason Zucker.
18:57 of 1st period - Wrist shot by Philip Tomasino.
18:57 of 1st period - Stopped by Linus Ullmark without a rebound.
18:58 of 1st period - Nazem Kadri wins face-off versus Brock Nelson in Islanders zone.
19:25 of 1st period - Adam Pelech is hit by Rickard Rakell and loses puck.
Goals for this period are 0 for Islanders vs 0 for Rangers.
Shots for this period are 14 for Islanders vs 10 for Rangers.

2nd period


0:01 of 2nd period - Jean-Gabriel Pageau wins face-off versus Philip Tomasino in neutral zone.
0:40 of 2nd period - Ian Cole is hit by Nazem Kadri and loses puck.
1:02 of 2nd period - Arthur Kaliyev is hit by Jordan Staal and loses puck.
1:23 of 2nd period - Wrist shot by Jesper Fast.
1:23 of 2nd period - Shot Misses the Net.
2:13 of 2nd period - Brock Nelson is hit by Carter Verhaeghe and loses puck.
2:20 of 2nd period - Snap shot by Philip Tomasino.
2:20 of 2nd period - Stopped by Linus Ullmark with a rebound.
2:36 of 2nd period - Snap shot by Arthur Kaliyev.
2:36 of 2nd period - Stopped by Linus Ullmark without a rebound.
2:37 of 2nd period - Jean-Gabriel Pageau wins face-off versus David Kampf in Islanders zone.
2:37 of 2nd period - Jean-Gabriel Pageau is hit by Nick Jensen.
2:57 of 2nd period - Snap shot by Erik Karlsson.
2:57 of 2nd period - Shot Blocked by Johnny Gaudreau.
2:59 of 2nd period - Backhand shot by Dakota Joshua.
2:59 of 2nd period - Goal by Dakota Joshua - Islanders : 0 - Rangers : 1.
3:00 of 2nd period - Jean-Gabriel Pageau wins face-off versus Nazem Kadri in neutral zone.
3:07 of 2nd period - Snap shot by Rasmus Andersson.
3:07 of 2nd period - Stopped by Linus Ullmark without a rebound.
3:08 of 2nd period - Jean-Gabriel Pageau wins face-off versus Nazem Kadri in Islanders zone.
3:13 of 2nd period - Snap shot by Roope Hintz.
3:13 of 2nd period - Shot Misses the Net.
3:17 of 2nd period - Snap shot by Kyle Connor.
3:17 of 2nd period - Deflect By Roope Hintz.
3:17 of 2nd period - Stopped by Linus Ullmark without a rebound.
3:18 of 2nd period - Philip Tomasino wins face-off versus Brock Nelson in Islanders zone.
3:19 of 2nd period - Wrist shot by Carter Verhaeghe.
3:19 of 2nd period - Stopped by Linus Ullmark without a rebound.
3:20 of 2nd period - Philip Tomasino wins face-off versus Brock Nelson in Islanders zone.
3:23 of 2nd period - Wrist shot by Carter Verhaeghe.
3:23 of 2nd period - Shot Misses the Net.
3:25 of 2nd period - Backhand shot by Nick Jensen.
3:25 of 2nd period - Shot Blocked by Johnny Gaudreau.
3:27 of 2nd period - Slapshot by Erik Karlsson.
3:27 of 2nd period - Shot Misses the Net.
3:29 of 2nd period - Wrist shot by Alexander Barabanov.
3:29 of 2nd period - Stopped by Linus Ullmark without a rebound.
3:30 of 2nd period - Jordan Staal wins face-off versus Philip Tomasino in Islanders zone.
3:39 of 2nd period - Ian Cole is hit by Alexander Barabanov and loses puck.
3:46 of 2nd period - Snap shot by Carter Verhaeghe.
3:46 of 2nd period - Shot Misses the Net.
4:04 of 2nd period - Slapshot by Johnny Gaudreau.
4:04 of 2nd period - Shot Misses the Net.
4:06 of 2nd period - Snap shot by Ian Cole.
4:06 of 2nd period - Stopped by Philipp Grubauer without a rebound.
4:07 of 2nd period - Jean-Gabriel Pageau wins face-off versus Philip Tomasino in Rangers zone.
4:14 of 2nd period - Wrist shot by Joe Pavelski.
4:14 of 2nd period - Goal by Joe Pavelski - Islanders : 1 - Rangers : 1.
4:15 of 2nd period - Nazem Kadri wins face-off versus Jean-Gabriel Pageau in neutral zone.
5:29 of 2nd period - Snap shot by Arthur Kaliyev.
5:29 of 2nd period - Deflect By David Kampf.
5:29 of 2nd period - Stopped by Linus Ullmark with a rebound.
5:49 of 2nd period - Snap shot by Johnny Gaudreau.
5:49 of 2nd period - Shot Misses the Net.
6:03 of 2nd period - Rasmus Andersson is hit by Jean-Gabriel Pageau.
6:20 of 2nd period - Slapshot by David Kampf.
6:20 of 2nd period - Stopped by Linus Ullmark with a rebound.
6:49 of 2nd period - Slapshot by Jason Dickinson.
6:49 of 2nd period - Deflect By Kyle Connor.
6:49 of 2nd period - Stopped by Philipp Grubauer without a rebound.
6:50 of 2nd period - Philip Tomasino wins face-off versus Brock Nelson in Rangers zone.
6:55 of 2nd period - Brady Skjei is hit by Carter Verhaeghe and loses puck.
7:02 of 2nd period - Wrist shot by Philip Tomasino.
7:02 of 2nd period - Shot Blocked by Brady Skjei.
7:04 of 2nd period - Slapshot by Erik Karlsson.
7:04 of 2nd period - Shot Misses the Net.
7:06 of 2nd period - Snap shot by Carter Verhaeghe.
7:06 of 2nd period - Stopped by Linus Ullmark without a rebound.
7:07 of 2nd period - Nazem Kadri wins face-off versus Jean-Gabriel Pageau in Islanders zone.
7:08 of 2nd period - Snap shot by Kyle Connor.
7:08 of 2nd period - Shot Misses the Net.
7:22 of 2nd period - Slapshot by Jean-Gabriel Pageau.
7:22 of 2nd period - Shot Blocked by Adam Pelech.
7:41 of 2nd period - Snap shot by Nick Schmaltz.
7:41 of 2nd period - Shot Misses the Net.
8:04 of 2nd period - Snap shot by Frank Vatrano.
8:04 of 2nd period - Stopped by Philipp Grubauer without a rebound.
8:05 of 2nd period - Jean-Gabriel Pageau wins face-off versus Nazem Kadri in Rangers zone.
8:28 of 2nd period - Kyle Connor is hit by Ian Cole and loses puck.
8:35 of 2nd period - Wrist shot by Noah Dobson.
8:35 of 2nd period - Deflect By Jean-Gabriel Pageau.
8:35 of 2nd period - Stopped by Linus Ullmark without a rebound.
8:36 of 2nd period - Philip Tomasino wins face-off versus Brock Nelson in Islanders zone.
8:37 of 2nd period - Snap shot by Carter Verhaeghe.
8:37 of 2nd period - Shot Misses the Net.
8:39 of 2nd period - Wrist shot by Carter Verhaeghe.
8:39 of 2nd period - Stopped by Linus Ullmark with a rebound.
8:41 of 2nd period - Slapshot by Erik Karlsson.
8:41 of 2nd period - Shot Blocked by Mark Giordano.
8:43 of 2nd period - Wrist shot by Carter Verhaeghe.
8:43 of 2nd period - Stopped by Linus Ullmark without a rebound.
8:44 of 2nd period - Philip Tomasino wins face-off versus Brock Nelson in Islanders zone.
8:57 of 2nd period - Slapshot by Erik Karlsson.
8:57 of 2nd period - Deflect By Alexander Barabanov.
8:57 of 2nd period - Stopped by Linus Ullmark without a rebound.
8:58 of 2nd period - Jordan Staal wins face-off versus Nazem Kadri in Islanders zone.
9:35 of 2nd period - Wrist shot by Alexander Barabanov.
9:35 of 2nd period - Stopped by Linus Ullmark with a rebound.
9:51 of 2nd period - Wrist shot by Johnny Gaudreau.
9:51 of 2nd period - Deflect By Nick Schmaltz.
9:51 of 2nd period - Stopped by Philipp Grubauer with a rebound.
9:58 of 2nd period - Off-side.
9:59 of 2nd period - Nazem Kadri wins face-off versus Jordan Staal in neutral zone.
10:14 of 2nd period - Wrist shot by Rickard Rakell.
10:14 of 2nd period - Shot Blocked by Nick Jensen.
10:24 of 2nd period - Nazem Kadri is hit by Joe Pavelski and loses puck.
10:37 of 2nd period - Wrist shot by Joe Pavelski.
10:37 of 2nd period - Shot Blocked by Erik Karlsson.
10:54 of 2nd period - Roope Hintz is hit by Mark Giordano and loses puck.
10:59 of 2nd period - Snap shot by Jason Dickinson.
10:59 of 2nd period - Shot Blocked by Erik Karlsson.
11:08 of 2nd period - Icing by Philip Tomasino.
11:09 of 2nd period - Philip Tomasino wins face-off versus Johnny Gaudreau in Rangers zone.
11:22 of 2nd period - Wrist shot by Nick Schmaltz.
11:22 of 2nd period - Goal by Nick Schmaltz - Islanders : 2 - Rangers : 1.
11:23 of 2nd period - Jordan Staal wins face-off versus Philip Tomasino in neutral zone.
11:27 of 2nd period - Off-side.
11:28 of 2nd period - Jordan Staal wins face-off versus Philip Tomasino in neutral zone.
11:43 of 2nd period - Kevin Shattenkirk is hit by Rasmus Andersson and loses puck.
11:58 of 2nd period - Wrist shot by Nick Schmaltz.
11:58 of 2nd period - Shot Misses the Net.
12:00 of 2nd period - Snap shot by Johnny Gaudreau.
12:00 of 2nd period - Shot Misses the Net.
12:02 of 2nd period - Slapshot by Kevin Shattenkirk.
12:02 of 2nd period - Deflect By Johnny Gaudreau.
12:02 of 2nd period - Stopped by Philipp Grubauer without a rebound.
12:03 of 2nd period - Jean-Gabriel Pageau wins face-off versus Philip Tomasino in Rangers zone.
12:44 of 2nd period - Wrist shot by Joe Pavelski.
12:44 of 2nd period - Shot Blocked by David Kampf.
13:14 of 2nd period - Minor Penalty to Ian Cole for Hooking.
13:15 of 2nd period - Philip Tomasino wins face-off versus Jason Dickinson in Islanders zone.
13:18 of 2nd period - Slapshot by Roope Hintz.
13:18 of 2nd period - Stopped by Linus Ullmark without a rebound.
13:19 of 2nd period - Philip Tomasino wins face-off versus Jason Dickinson in Islanders zone.
13:20 of 2nd period - Slapshot by Kyle Connor.
13:20 of 2nd period - Stopped by Linus Ullmark without a rebound.
13:21 of 2nd period - Jason Dickinson wins face-off versus Kyle Connor in Islanders zone.
15:14 of 2nd period - Penalty to Ian Cole is over, Ian Cole is back on ice.
15:26 of 2nd period - Wrist shot by Nick Schmaltz.
15:26 of 2nd period - Shot Hit the Post.
15:43 of 2nd period - Adam Pelech is hit by Rickard Rakell and loses puck.
16:21 of 2nd period - Slapshot by Rasmus Andersson.
16:21 of 2nd period - Shot Blocked by Ian Cole.
16:27 of 2nd period - Backhand shot by Rasmus Andersson.
16:27 of 2nd period - Shot Blocked by Ian Cole.
16:29 of 2nd period - Snap shot by Arthur Kaliyev.
16:29 of 2nd period - Shot Misses the Net.
16:47 of 2nd period - Slapshot by Rasmus Andersson.
16:47 of 2nd period - Stopped by Linus Ullmark without a rebound.
16:48 of 2nd period - Philip Tomasino wins face-off versus Brock Nelson in Islanders zone.
16:59 of 2nd period - Slapshot by Johnny Gaudreau.
16:59 of 2nd period - Deflect By Brock Nelson.
16:59 of 2nd period - Shot Blocked by Carter Verhaeghe.
16:59 of 2nd period - Puck is out of play.
17:00 of 2nd period - Brock Nelson wins face-off versus Nazem Kadri in Rangers zone.
17:05 of 2nd period - Wrist shot by Brock Nelson.
17:05 of 2nd period - Stopped by Philipp Grubauer with a rebound.
17:17 of 2nd period - Snap shot by Johnny Gaudreau.
17:17 of 2nd period - Shot Misses the Net.
18:09 of 2nd period - Kevin Shattenkirk is hit by Kyle Connor and loses puck.
18:53 of 2nd period - Rasmus Andersson is hit by Morgan Barron and loses puck.
19:50 of 2nd period - Icing by Kevin Shattenkirk.
19:51 of 2nd period - Jordan Staal wins face-off versus Alexander Barabanov in Islanders zone.
19:58 of 2nd period - Erik Karlsson is hit by Jordan Staal and loses puck.
Goals for this period are 2 for Islanders vs 1 for Rangers.
Shots for this period are 8 for Islanders vs 18 for Rangers.

3rd period


0:01 of 3rd period - Nazem Kadri wins face-off versus Brock Nelson in neutral zone.
0:30 of 3rd period - Slapshot by Joe Pavelski.
0:30 of 3rd period - Stopped by Philipp Grubauer without a rebound.
0:31 of 3rd period - Jean-Gabriel Pageau wins face-off versus Alexander Barabanov in Rangers zone.
0:47 of 3rd period - Slapshot by Mark Giordano.
0:47 of 3rd period - Shot Blocked by Erik Karlsson.
0:49 of 3rd period - Wrist shot by Joe Pavelski.
0:49 of 3rd period - Shot Blocked by Philip Tomasino.
0:51 of 3rd period - Wrist shot by Jason Zucker.
0:51 of 3rd period - Shot Misses the Net.
0:53 of 3rd period - Snap shot by Jean-Gabriel Pageau.
0:53 of 3rd period - Goal by Jean-Gabriel Pageau - Islanders : 3 - Rangers : 1.
0:54 of 3rd period - Nazem Kadri wins face-off versus Brock Nelson in neutral zone.
0:57 of 3rd period - Brock Nelson is hit by Nazem Kadri and loses puck.
1:04 of 3rd period - Snap shot by Kyle Connor.
1:04 of 3rd period - Stopped by Linus Ullmark without a rebound.
1:05 of 3rd period - Nazem Kadri wins face-off versus Brock Nelson in Islanders zone.
1:32 of 3rd period - Alexander Barabanov is hit by Frank Vatrano and loses puck.
1:43 of 3rd period - Snap shot by Frank Vatrano.
1:43 of 3rd period - Shot Blocked by Rasmus Andersson.
1:45 of 3rd period - Snap shot by Frank Vatrano.
1:45 of 3rd period - Deflect By Rickard Rakell.
1:45 of 3rd period - Shot Misses the Net.
1:45 of 3rd period - Puck is out of play.
1:46 of 3rd period - Nazem Kadri wins face-off versus Jean-Gabriel Pageau in Rangers zone.
3:12 of 3rd period - Wrist shot by Johnny Gaudreau.
3:12 of 3rd period - Stopped by Philipp Grubauer with a rebound.
3:18 of 3rd period - Roope Hintz is hit by Brock Nelson and loses puck.
3:39 of 3rd period - Slapshot by Rickard Rakell.
3:39 of 3rd period - Stopped by Philipp Grubauer with a rebound.
4:01 of 3rd period - Snap shot by Arthur Kaliyev.
4:01 of 3rd period - Stopped by Linus Ullmark with a rebound.
4:11 of 3rd period - Wrist shot by Roope Hintz.
4:11 of 3rd period - Goal by Roope Hintz - Islanders : 3 - Rangers : 2.
4:12 of 3rd period - Nazem Kadri wins face-off versus Brock Nelson in neutral zone.
4:12 of 3rd period - Nazem Kadri is hit by Brady Skjei.
5:05 of 3rd period - Slapshot by Trent Frederic.
5:05 of 3rd period - Stopped by Linus Ullmark with a rebound.
5:12 of 3rd period - Off-side.
5:13 of 3rd period - Brock Nelson wins face-off versus Nazem Kadri in neutral zone.
5:22 of 3rd period - Snap shot by Johnny Gaudreau.
5:22 of 3rd period - Stopped by Philipp Grubauer without a rebound.
5:23 of 3rd period - Nazem Kadri wins face-off versus Brock Nelson in Rangers zone.
5:28 of 3rd period - Wrist shot by Kyle Connor.
5:28 of 3rd period - Stopped by Linus Ullmark with a rebound.
6:00 of 3rd period - Slapshot by Nick Schmaltz.
6:00 of 3rd period - Shot Blocked by Erik Karlsson.
7:14 of 3rd period - Nick Jensen is hit by Johnny Gaudreau and loses puck.
7:49 of 3rd period - Snap shot by Nazem Kadri.
7:49 of 3rd period - Shot Misses the Net.
8:35 of 3rd period - Off-side.
8:36 of 3rd period - Jean-Gabriel Pageau wins face-off versus Philip Tomasino in neutral zone.
8:51 of 3rd period - Slapshot by Alexander Barabanov.
8:51 of 3rd period - Stopped by Linus Ullmark with a rebound.
9:12 of 3rd period - Snap shot by Sheldon Dries.
9:12 of 3rd period - Stopped by Linus Ullmark without a rebound.
9:13 of 3rd period - Jordan Staal wins face-off versus Philip Tomasino in Islanders zone.
9:24 of 3rd period - Slapshot by Frank Vatrano.
9:24 of 3rd period - Stopped by Philipp Grubauer with a rebound.
9:26 of 3rd period - Slapshot by Rickard Rakell.
9:26 of 3rd period - Goal by Rickard Rakell - Islanders : 4 - Rangers : 2.
9:27 of 3rd period - Jean-Gabriel Pageau wins face-off versus Philip Tomasino in neutral zone.
9:52 of 3rd period - Rasmus Andersson is hit by Jesper Fast and loses puck.
10:01 of 3rd period - Snap shot by Jason Dickinson.
10:01 of 3rd period - Shot Misses the Net.
10:42 of 3rd period - Off-side.
10:43 of 3rd period - Jean-Gabriel Pageau wins face-off versus David Kampf in neutral zone.
10:48 of 3rd period - Wrist shot by Arthur Kaliyev.
10:48 of 3rd period - Stopped by Linus Ullmark without a rebound.
10:49 of 3rd period - Jean-Gabriel Pageau wins face-off versus Arthur Kaliyev in Islanders zone.
10:51 of 3rd period - Icing by Joe Pavelski.
10:52 of 3rd period - David Kampf wins face-off versus Jean-Gabriel Pageau in Islanders zone.
11:41 of 3rd period - Wrist shot by Arthur Kaliyev.
11:41 of 3rd period - Stopped by Linus Ullmark with a rebound.
11:43 of 3rd period - Slapshot by Dylan Samberg.
11:43 of 3rd period - Shot Misses the Net.
11:45 of 3rd period - Snap shot by Noah Dobson.
11:45 of 3rd period - Deflect By Arthur Kaliyev.
11:45 of 3rd period - Stopped by Linus Ullmark with a rebound.
11:47 of 3rd period - Slapshot by Arthur Kaliyev.
11:47 of 3rd period - Shot Blocked by Ian Cole.
11:49 of 3rd period - Wrist shot by Noah Dobson.
11:49 of 3rd period - Stopped by Linus Ullmark with a rebound.
11:51 of 3rd period - Snap shot by Dylan Samberg.
11:51 of 3rd period - Deflect By Arthur Kaliyev.
11:51 of 3rd period - Shot Misses the Net.
11:51 of 3rd period - Puck is out of play.
11:52 of 3rd period - Jordan Staal wins face-off versus Philip Tomasino in Islanders zone.
12:17 of 3rd period - Kevin Shattenkirk is hit by Trent Frederic and loses puck.
12:32 of 3rd period - Snap shot by Rickard Rakell.
12:32 of 3rd period - Goal by Rickard Rakell - Islanders : 5 - Rangers : 2.
12:33 of 3rd period - Jean-Gabriel Pageau wins face-off versus Philip Tomasino in neutral zone.
12:45 of 3rd period - Ian Cole is hit by Alexander Barabanov and loses puck.
13:28 of 3rd period - Minor Penalty to Brent Burns for Goalie Interference.
13:29 of 3rd period - Jason Dickinson wins face-off versus Philip Tomasino in Islanders zone.
15:13 of 3rd period - Noah Dobson is hit by Jesper Fast.
15:28 of 3rd period - Penalty to Brent Burns is over, Brent Burns is back on ice.
15:53 of 3rd period - Slapshot by Johnny Gaudreau.
15:53 of 3rd period - Stopped by Philipp Grubauer with a rebound.
15:55 of 3rd period - Snap shot by Johnny Gaudreau.
15:55 of 3rd period - Deflect By Brock Nelson.
15:55 of 3rd period - Shot Blocked by Nick Jensen.
15:55 of 3rd period - Puck is out of play.
15:56 of 3rd period - Sheldon Dries wins face-off versus Brock Nelson in Rangers zone.
16:04 of 3rd period - Snap shot by Rasmus Andersson.
16:04 of 3rd period - Stopped by Linus Ullmark without a rebound.
16:05 of 3rd period - Carter Verhaeghe wins face-off versus Jordan Staal in Islanders zone.
16:08 of 3rd period - Slapshot by Alexander Barabanov.
16:08 of 3rd period - Deflect By Carter Verhaeghe.
16:08 of 3rd period - Shot Misses the Net.
16:08 of 3rd period - Puck is out of play.
16:09 of 3rd period - Jordan Staal wins face-off versus Philip Tomasino in Islanders zone.
16:34 of 3rd period - Ian Cole is hit by Adam Pelech and loses puck.
16:58 of 3rd period - Slapshot by Erik Karlsson.
16:58 of 3rd period - Shot Misses the Net.
17:00 of 3rd period - Snap shot by David Kampf.
17:00 of 3rd period - Shot Misses the Net.
17:02 of 3rd period - Wrist shot by David Kampf.
17:02 of 3rd period - Stopped by Linus Ullmark without a rebound.
17:03 of 3rd period - Philip Tomasino wins face-off versus Jordan Staal in Islanders zone.
17:06 of 3rd period - Snap shot by Carter Verhaeghe.
17:06 of 3rd period - Stopped by Linus Ullmark with a rebound.
17:11 of 3rd period - Minor Penalty to Mark Giordano for Roughing.
17:12 of 3rd period - Philip Tomasino wins face-off versus Jason Dickinson in Islanders zone.
19:11 of 3rd period - Penalty to Mark Giordano is over, Mark Giordano is back on ice.
19:48 of 3rd period - Nick Jensen is hit by Jason Zucker and loses puck.
Goals for this period are 3 for Islanders vs 1 for Rangers.
Shots for this period are 9 for Islanders vs 14 for Rangers.